 Dungeon Sprint DCSS version 0.28.0-43-g3370ac3207 (webtiles) character file.

Game seed: 8818625837118801284

6743 boopmooplesden the Warrior (level 10, -5/162 HPs)
             Began as a Minotaur Berserker on Mar 24, 2022.
             Was the Champion of Trog.
             Slain by a skeletal warrior
             ... wielding a +0 battleaxe
              (6 damage)
             ... in the Dungeon (Sprint III: "The Ten Rune Challenge").
             The game lasted 00:06:38 (2952 turns).

boopmooplesden the Warrior (Minotaur Berserker)     Turns: 2952, Time: 00:06:38

Health: -5/162     AC: 17    Str: 23    XL:     10   Next: 75%
Magic:  9/9        EV: 10    Int:  6    God:    Trog [******]
Gold:   1392       SH:  0    Dex: 13    Spells: 9/9 levels left

rFire   . . .      SeeInvis .   x - +3 executioner's axe
rCold   . . .      Faith    .   (shield currently unavailable)
rNeg    . . .      Spirit   .   w - +0 plate armour
rPois   .          Reflect  .   (helmet restricted)
rElec   .          Harm     .   (no cloak)
rCorr   .          Rampage  .   n - +0 pair of gloves
Will    .....      NoTele   +   (no boots)
Stlth   ..........              (no amulet)
HPRegen 0.37/turn               (no ring)
MPRegen 0.11/turn               (no ring)

@: berserking, lethally poisoned (-5 -> -70), slowed
A: horns 2, retaliatory headbutt, iridescent scales 1, agile 1
a: Renounce Religion, Berserk, Trog's Hand, Brothers in Arms


You were in the Dungeon.
You worshipped Trog.
Trog was exalted by your worship.
You visited 1 branch You collected 1392 gold pieces.

Inventory:

Hand Weapons
 a - a +0 hand axe
 p - a +0 long sword of holy wrath
 r - a +0 antimagic glaive
 s - the +7 mace of Variability {chain chaos}
   (Trog gifted it to you in the Dungeon)

   Each time it hits an enemy it has a different, random effect.
   It occasionally unleashes arcs of chaos on nearby creatures upon striking a
   foe.
 v - a +2 vorpal broad axe
 x - a +3 executioner's axe (weapon)
 y - a +5 triple sword of flaming
Armour
 b - a +0 animal skin
 n - a +0 pair of gloves (worn)
 t - a +0 chain mail
 u - a +1 ring mail of positive energy
 w - a +0 plate armour (worn)
Wands
 m - a wand of digging (6)
Scrolls
 h - 2 scrolls of blinking
 i - 2 scrolls of torment {unknown}
 j - a scroll of enchant armour {unknown}
Potions
 c - 2 potions of curing
 d - a potion of heal wounds
 e - a potion of haste
 f - 3 potions of magic
 g - a potion of berserk rage
 k - 3 potions of flight
 l - 2 potions of mutation
 o - a potion of might
Miscellaneous
 q - a tin of tremorstones (2/2)


   Skills:
 + Level 16.4 Fighting
 + Level 9.5 Long Blades
 + Level 16.3(18.0) Axes
 + Level 9.4(13.9) Maces & Flails
 + Level 9.0(13.7) Polearms
 + Level 8.8 Armour
 + Level 9.1 Dodging
 + Level 4.7 Stealth
 + Level 1.1 Evocations


You had 9 spell levels left.
You didn't know any spells.
Your spell library was empty.

Dungeon Overview and Level Annotations

Branches:
Dungeon (1/1)

Altars:
Cheibriados
Dithmenos
Elyvilon
Fedhas
Gozag
Hepliaklqana
Kikubaaqudgha
Makhleb
Nemelex Xobeh
Okawaru
Qazlal
Ru
Sif Muna
Trog
Uskayaw
Vehumet
Wu Jian
Xom
Yredelemnul
Zin
The Shining One
Beogh
Jiyva
Lugonu

Shops:
D :


Innate Abilities, Weirdness & Mutations

You have a pair of horns on your head.
You reflexively headbutt those who attack you in melee.
You are partially covered in iridescent scales. (AC +2)
You are agile. (Dex +2)


Message History

You recover from your berserk rage.
You start resting.
You start resting.
You start resting.
You start resting.
You start resting.
HP restored.
There is an open door, spattered with blood here.
Things that are here:
a +4 battleaxe; a +0 dagger; an orc skeleton
Items here: )) [ ÷.
You open the door.
There is an open door here.
You open the door.
There is an open door here.
You are engulfed in dark miasma.
You are poisoned.
You feel extremely sick.
You are engulfed in dark miasma.
You are more poisoned.
You feel extremely sick.
You are engulfed in dark miasma.
You are more poisoned.
You feel extremely sick.
You open the door.
A skeletal warrior comes into view. It is wielding a +0 battleaxe.
You are engulfed in dark miasma.
You are lethally poisoned!
You feel yourself slow down.
You feel extremely sick.
A red film seems to cover your vision as you go berserk!
You feel yourself moving faster!
You feel mighty!
You are engulfed in dark miasma.
You are more poisoned.
* * * LOW HITPOINT WARNING * * *
x2 You feel extremely sick.
The skeletal warrior hits you with a +0 battleaxe!!
* * * LOW HITPOINT WARNING * * *
The skeletal warrior hits you with a +0 battleaxe.
You die...

#...#)≈≈≈§#
#...#.#≈≈≈#
#####.# §≈§#
#.....# ≈≈≈≈
#.....# ≈§≈
#.....#+###§§
#....P#○☼°# §
#§#####☼○§###
#○§☼§○§○°@z.#
#§###########
#.# #.# #.#
#.# #.# #.#


You could see a skeletal warrior.

Vanquished Creatures
  Harold (D)
  Erolcha (D)
  Joseph (D)
  A deep elf pyromancer (D)
  A queen bee (D)
  An orc high priest (D)
  A shadow (D)
  2 redbacks (D)
  A spatial vortex (D)
  A necrophage (D)
  An orc warrior (D)
  5 two-headed ogres (D)
  A water elemental (D)
  32 killer bees (D)
  A jelly (D)
  5 orc priests (D)
  Jessica (D)
  A wizard (D)
  2 orc wizards (D)
  A necromancer (D)
  3 humans (D)
  A kobold demonologist (D)
  A phantom (D)
  6 orcs (D)
  An endoplasm (D)
  2 rats (D)
75 creatures vanquished.

Vanquished Creatures (collateral kills)
  3 orc warriors (D)
  An orc priest (D)
  3 orcs (D)
7 creatures vanquished.

Vanquished Creatures (others)
  7 plants (D)
7 creatures vanquished.

Grand Total: 89 creatures vanquished

Notes
Turn   | Place    | Note
-------+----------+-------------------------------------------
     0 | D        | boopmooplesden the Minotaur Berserker began the quest for
                  | the Orb.
     0 | D        | Reached XP level 1. HP: 19/19 MP: 0/0
    95 | D        | Noticed Jessica
    99 | D        | Killed Jessica
    99 | D        | Reached ** piety under Trog
   100 | D        | Reached skill level 5 in Fighting
   100 | D        | Reached skill level 5 in Axes
   100 | D        | Reached XP level 2. HP: 22/30 MP: 1/1
   105 | D        | Reached XP level 3. HP: 26/37 MP: 2/2
   237 | D        | Gained mutation: You sometimes lose the ability to read
                  | scrolls when taking damage. [potion of mutation]
   238 | D        | Lost mutation: You sometimes lose the ability to read
                  | scrolls when taking damage. [potion of mutation]
   238 | D        | Gained mutation: Potions are less effective at restoring
                  | your health. [potion of mutation]
   238 | D        | Gained mutation: You are strong-willed. (Will+) [potion of
                  | mutation]
   239 | D        | Lost mutation: Potions are less effective at restoring your
                  | health. [potion of mutation]
   239 | D        | Lost mutation: You are strong-willed. (Will+) [potion of
                  | mutation]
   239 | D        | Gained mutation: You are partially covered in iridescent
                  | scales. (AC +2) [potion of mutation]
   239 | D        | Gained mutation: You are agile. (Dex +2) [potion of
                  | mutation]
   251 | D        | Noticed a water elemental
   256 | D        | Killed a water elemental
   256 | D        | Reached *** piety under Trog
   257 | D        | Reached XP level 4. HP: 47/47 MP: 3/3
   445 | D        | Found a basalt altar of Yredelemnul.
   445 | D        | Found a shadowy altar of Dithmenos.
   445 | D        | Found a sacrificial altar of Ru.
   445 | D        | Noticed a necrophage
   450 | D        | Killed a necrophage
   451 | D        | Reached skill level 5 in Armour
   451 | D        | Reached XP level 5. HP: 57/57 MP: 4/4
   599 | D        | Found a hide-covered altar of Uskayaw.
   599 | D        | Found an iron altar of Okawaru.
   600 | D        | Noticed a human
   602 | D        | Noticed a human
   604 | D        | Killed a human
   604 | D        | Reached **** piety under Trog
   605 | D        | Reached skill level 10 in Fighting
   605 | D        | Reached skill level 5 in Dodging
   605 | D        | Reached XP level 6. HP: 67/67 MP: 5/5
   605 | D        | Found a bloodstained altar of Trog.
   605 | D        | Found an ornate altar of the Wu Jian Council.
   609 | D        | Killed a human
   610 | D        | Reached XP level 7. HP: 74/74 MP: 6/6
   643 | D        | Found a glowing silver altar of Zin.
   643 | D        | Found a glowing golden altar of the Shining One.
   643 | D        | Found a white marble altar of Elyvilon.
   643 | D        | Noticed a deep elf pyromancer
   651 | D        | Killed a deep elf pyromancer
   703 | D        | Found a radiant altar of Vehumet.
   703 | D        | Found a shimmering blue altar of Sif Muna.
   703 | D        | Found an ancient bone altar of Kikubaaqudgha.
   750 | D        | Noticed a shadow
   753 | D        | Killed a shadow
   754 | D        | Reached skill level 1 in Long Blades
   754 | D        | Reached skill level 1 in Stealth
   754 | D        | Reached XP level 8. HP: 48/85 MP: 7/7
   755 | D        | Reached ***** piety under Trog
   896 | D        | Found a blossoming altar of Fedhas.
   896 | D        | Found a stormy altar of Qazlal.
   896 | D        | Found a snail-covered altar of Cheibriados.
   896 | D        | Found a burning altar of Makhleb.
   896 | D        | Found a shimmering altar of Xom.
   897 | D        | Found a hazy altar of Hepliaklqana.
   897 | D        | Found an opulent altar of Gozag.
   897 | D        | Found a sparkling altar of Nemelex Xobeh.
   897 | D        | Found a corrupted altar of Lugonu.
   897 | D        | Found a viscous altar of Jiyva.
  1138 | D        | Received a gift from Trog
  1142 | D        | Reached skill level 15 in Axes
  1312 | D        | Noticed a two-headed ogre
  1318 | D        | Killed a two-headed ogre
  1319 | D        | Reached skill level 1 in Polearms
  1440 | D        | Noticed Erolcha
  1441 | D        | Noticed a two-headed ogre
  1447 | D        | Killed Erolcha
  1448 | D        | Reached XP level 9. HP: 89/96 MP: 2/8
  1451 | D        | Killed a two-headed ogre
  1452 | D        | Reached skill level 5 in Polearms
  1751 | D        | Received a gift from Trog
  1753 | D        | Found Foevvu Enee's Book Shop.
  1754 | D        | Received a gift from Trog
  1758 | D        | Received a gift from Trog
  1759 | D        | Found the +7 mace of Variability {chain chaos}
  1760 | D        | Reached skill level 15 in Fighting
  1960 | D        | Noticed Harold
  1960 | D        | Noticed Joseph
  1971 | D        | Killed Harold
  1972 | D        | Reached XP level 10. HP: 95/106 MP: 9/9
  1978 | D        | Killed Joseph
  1978 | D        | Received a gift from Trog
  1979 | D        | Reached skill level 1 in Evocations
  2115 | D        | Received a gift from Trog
  2116 | D        | Reached skill level 5 in Maces & Flails
  2125 | D        | Reached ****** piety under Trog
  2154 | D        | Received a gift from Trog
  2178 | D        | Received a gift from Trog
  2651 | D        | Noticed a sun demon
  2679 | D        | Received a gift from Trog
  2951 | D        | Noticed a skeletal warrior
  2952 | D        | HP: 1/162 [skeletal warrior/+0 battleaxe (18)]
  2952 | D        | Slain by a skeletal warrior

Illustrated notes

Levels and vault maps discovered:
D:        dungeon_sprint_mu [sprint_mu_entry_cave, sprint_mu_temple_rooms,
          sprint_mu_d1_spiders, sprint_mu_d2_genie, sprint_mu_d3_branching,
          sprint_mu_orc_legion, sprint_mu_elf_gauntlet, sprint_mu_hive_nellie,
          sprint_mu_lair_fedhas, sprint_mu_vaults_butterflies,
          sprint_mu_slime_circle, sprint_mu_shoals_archi,
          sprint_mu_snake_twists, sprint_mu_blade_basic,
          sprint_mu_crypt_chambers, sprint_mu_tomb_spiral,
          sprint_mu_vestibule_basic, sprint_mu_gehenna_hellfire,
          sprint_mu_dis_giant, sprint_mu_tartarus_statrot,
          sprint_mu_cocytus_islands, sprint_mu_zot1]

Skill      XL: |  1  2  3  4  5  6  7  8  9 10 |
---------------+-------------------------------+-----
Fighting       | 5 7 9 10 11 12 14 15 16 | 16.4
Axes           | 5 7 9 11 12 14 15 16 | 16.3
Armour         | 3 4 5 6 7 8 |  8.8
Dodging        | 3 4 5 6 8 9 |  9.1
Long Blades    | 1 6 9 |  9.5
Stealth        | 1 2 4 |  4.7
Polearms       | 3 8 9 |  9.0
Maces & Flails | 3 9 |  9.4
Evocations     | 1 |  1.1

Action                   |  1- 3 |  4- 6 |  7- 9 | 10-12 || total
-------------------------+-------+-------+-------+-------++-------
Melee: Hand axe          |    21 |    12 |     6 |       ||    39
       Headbutt          |     5 |     1 |    11 |    14 ||    31
       Long sword        |       |       |    22 |       ||    22
       Glaive            |       |       |    19 |       ||    19
       Punch             |       |       |     1 |       ||     1
       Great mace        |       |       |     7 |    68 ||    75
       Executioner's axe |       |       |       |    17 ||    17
Invok: Berserk           |     2 |     2 |     6 |     3 ||    13
       Brothers in Arms  |       |       |     1 |       ||     1
Evoke: Tin of tremorston |       |       |     2 |       ||     2
  Use: Potion            |     3 |       |       |     1 ||     4
 Stab: Confused          |       |       |       |     2 ||     2
Armor: Animal skin       |     4 |     1 |     3 |       ||     8
       Plate armour      |       |       |     1 |    74 ||    75
Dodge: Dodged            |     6 |     2 |    32 |    63 ||   103
